 Dungeon Crawl Stone Soup version 0.24.1-4-ge52af88ad5 (webtiles) character file.

Game seed: 709082593370994145, levelgen mode: deterministic

404 H0rd4k the Charlatan (level 7, 0/51 HPs)
             Began as a Human Artificer on Apr 15, 2020.
             Killed by nerve-wracking pain
             ... invoked by a shadow imp
              (14 damage)
             ... on level 5 of the Dungeon.
             The game lasted 00:05:20 (3305 turns).

H0rd4k the Charlatan (Human Artificer)              Turns: 3305, Time: 00:05:21

Health: 0/51       AC:  5    Str: 14    XL:     7   Next: 12%
Magic:  10/10      EV: 13    Int: 11    God:
Gold:   266        SH:  0    Dex: 14    Spells: 6/6 levels left

rFire    . . .     SeeInvis .   a - +0 short sword
rCold    . . .     Gourm    .   (no shield)
rNeg     . . .     Faith    +   b - +1 leather armour
rPois    +         Spirit   .   (no helmet)
rElec    .         Reflect  .   (no cloak)
rCorr    .         Harm     .   (no gloves)
MR       .....                  (no boots)
Stlth    ++........             h - amulet of faith
HPRegen  0.17/turn              o - +1 ring of protection
MPRegen  0.12/turn              t - ring of poison resistance

@: no status effects
A: no striking features
a: no special abilities


You were on level 5 of the Dungeon.
You were hungry.

You visited 1 branch of the dungeon, and saw 5 of its levels.

You collected 266 gold pieces.

Inventory:

Hand Weapons
 a - a +0 short sword (weapon)
 j - a +0 dagger
 n - a +0 hand axe of electrocution
Missiles
 k - 41 poisoned darts (quivered)
Armour
 b - a +1 leather armour (worn)
Jewellery
 h - an amulet of faith (around neck)
 o - a +1 ring of protection (left hand)
 t - a ring of poison resistance (right hand)
Wands
 c - a wand of flame (2)
 d - a wand of enslavement (14)
 e - a wand of random effects (8)
Scrolls
 g - 3 scrolls of magic mapping
 i - a scroll of blinking
 l - a scroll of amnesia
 m - 4 scrolls of remove curse
 q - 2 scrolls of teleportation
 x - a scroll of identify
Potions
 r - 3 potions of curing
 s - a potion of brilliance {unknown}
 u - a potion of heal wounds
 z - a potion of haste {unknown}
Comestibles
 f - 11 rations


   Skills:
 + Level 2.4 Fighting
 + Level 2.5 Short Blades
 + Level 2.2 Throwing
 + Level 2.4 Armour
 + Level 3.1 Dodging
 + Level 2.0 Stealth
 + Level 4.3 Evocations


You had 6 spell levels left.
You didn't know any spells.
Your spell library was empty.

Dungeon Overview and Level Annotations

Branches:
Dungeon (5/15)
 Temple: D:4-7

Altars:
Fedhas
Sif Muna

Annotations:
D:5 exclusion: crimson imp


Message History

A crimson imp comes into view.
A shadow imp comes into view.
The shadow imp shouts, "Crawl home, thou villainous idle-headed nobody!"
A shadow imp is nearby!
The shadow imp hits you.
You closely miss the shadow imp. The shadow imp gestures at you.
Pain shoots through your body!
You closely miss the shadow imp. The shadow imp misses you.
You hit the shadow imp but do no damage.
The shadow imp hits you.
You hit the shadow imp but do no damage.
The shadow imp hits you.
You barely miss the shadow imp. The shadow imp hits you.
* * * LOW HITPOINT WARNING * * *
You barely miss the shadow imp. The shadow imp closely misses you.
You barely miss the shadow imp. The shadow imp gestures at you.
Pain shoots through your body!
You die...

###. .. #... #..
#..# ##... #..# .
8...8 #8... #.$#
.##..(### #...##..#
......... #.....5.#
........ #....@.+
.......# #......#
.......#####......#
..................#
..................#
##.#........#.#####
#........#.#
#........#.#######
########.#........


You could see a shadow imp.

Vanquished Creatures
  Sigmund (D:2)
  A jelly (D:5)
  A hound (D:4)
  A centaur skeleton (D:4)
  Jessica (D:2)
  A worker ant (D:4)
  6 adders
  A shadow imp (D:5)
  A worm (D:3)
  A dart slug (D:1)
  2 leopard geckos
  2 orcs
  A ball python (D:3)
  2 giant cockroaches (D:1)
  3 hobgoblins
  5 kobolds
  7 bats
  2 frilled lizards
  3 goblins (D:3)
  3 rats
45 creatures vanquished.

Notes
Turn   | Place    | Note
-------+----------+-------------------------------------------
     0 | D:1      | H0rd4k the Human Artificer began the quest for the Orb.
     0 | D:1      | Reached XP level 1. HP: 15/15 MP: 3/3
   113 | D:1      | Reached XP level 2. HP: 12/21 MP: 4/4
   802 | D:2      | Noticed Jessica
   814 | D:2      | Killed Jessica
   814 | D:2      | Reached XP level 3. HP: 22/26 MP: 5/5
   986 | D:2      | Noticed Sigmund
  1302 | D:2      | Found a faded altar of an unknown god.
  1380 | D:3      | Reached XP level 4. HP: 25/32 MP: 6/6
  1545 | D:3      | Reached skill level 1 in Armour
  2140 | D:3      | Reached XP level 5. HP: 26/37 MP: 7/7
  2430 | D:2      | Killed Sigmund
  2430 | D:2      | Reached skill level 1 in Throwing
  2430 | D:2      | Reached skill level 4 in Evocations
  2430 | D:2      | Reached XP level 6. HP: 44/44 MP: 7/9
  2924 | D:4      | Found a blossoming altar of Fedhas.
  3005 | D:4      | Reached XP level 7. HP: 47/51 MP: 10/10
  3152 | D:4      | Found a shimmering blue altar of Sif Muna.
  3231 | D:5      | Entered Level 5 of the Dungeon
  3305 | D:5      | Killed from afar by a shadow imp

Levels and vault maps discovered:
D:1:      wander_arrival_fairy_ring, layout_loops_ring, minmay_misc_feat_x
D:2:      layout_basic, chequers_ecumenical_altar_island, eino_tiny_chamber,
          uniq_jessica, uniq_sigmund
D:3:      kennysheep_big_flooded_room, layout_basic, first_ration
D:4:      layout_rooms, fedhas_altar_3, lemuel_blue_sif_altar,
          chequers_serial_rivers_micro_a
D:5:      layout_basic, minmay_overflow_temple_hex, serial_corexii_hall,
          corexii_hall_statues_u, corexii_hall_statues_deadend,
          corexii_hall_statues_l

Skill      XL: |  1  2  3  4  5  6 |
---------------+-------------------+-----
Armour         | 1 2 |  2.4
Fighting       | 2 |  2.4
Short Blades   | 2 |  2.5
Throwing       | 1 2 |  2.2
Evocations     | 4 |  4.3
Dodging        | 3 |  3.1
Stealth        | 2 |  2.0

Action                   |  1- 3 |  4- 6 |  7- 9 || total
-------------------------+-------+-------+-------++-------
Melee: Short sword       |    41 |       |    24 ||    65
       Dagger            |    36 |   113 |       ||   149
Throw: Dart              |       |    35 |       ||    35
Evoke: Wand              |     2 |    17 |     2 ||    21
  Use: Scroll            |       |     8 |     3 ||    11
 Stab: Sleeping          |     3 |     1 |       ||     4
  Eat: Chunk             |       |     5 |     2 ||     7
Armor: Leather armour    |    21 |    41 |     2 ||    64
Dodge: Dodged            |    73 |    71 |    10 ||   154
